 Dungeon Crawl Stone Soup version 0.30.0-5-g1a98f26d00 (webtiles) character file.

Game seed: 12398537183628765873

15 CaptainMV the Stinger (level 2, 0/20 HPs)
             Began as a Draconian Venom Mage on May 12, 2023.
             Slain by a goblin
             ... wielding a +0 dagger
              (1 damage)
             ... on level 1 of the Dungeon.
             The game lasted 00:02:16 (261 turns).

CaptainMV the Stinger (Draconian Venom Mage)         Turns: 261, Time: 00:02:17

Health: 0/20       AC:  4    Str: 10    XL:     2   Next: 34%
Magic:  1/5        EV: 12    Int: 15    God:
Gold:   19         SH:  0    Dex: 11    Spells: 4/5 levels left

rFire   . . .        a - +0 dagger
rCold   . . .        (no shield)
rNeg    . . .        (body armour unavailable)
rPois   .            (helmet restricted)
rElec   .            (no cloak)
rCorr   .            (no gloves)
SInv    .            (no boots)
Will    .....        (no amulet)
Stlth   ++           (no ring)
HPRegen 0.23/turn    (no ring)
MPRegen 0.09/turn

%: no passive effects
@: no status effects
A: AC +4, unfitting armour, cold-blooded
a: no special abilities


You were on level 1 of the Dungeon.
You visited 1 branch of the dungeon, and saw 1 of its levels.

You collected 19 gold pieces.

Inventory:

Hand Weapons
 a - a +0 dagger (weapon)
Scrolls
 d - a scroll of fog
 e - a scroll of enchant armour {unknown}
Potions
 b - a potion of curing {unknown}
 c - a potion of heal wounds {unknown}
 f - a potion of magic


   Skills:
 + Level 2.0 Dodging
 + Level 1.8 Stealth
 + Level 2.1 Spellcasting
 + Level 1.0 Transmutations
 + Level 3.4 Poison Magic


You had 4 spell levels left.
You knew the following spells:

 Your Spells              Type           Power      Damage    Failure   Level
a - Sting                 Tmut/Pois      32%        1d4       9%          1

Your spell library contained the following spells:

 Spells                   Type           Power      Damage    Failure   Level
 Poisonous Vapours        Pois/Air       12%        N/A       17%         2
 Mephitic Cloud           Conj/Pois/Air  5%         N/A       38%         3
 Olgreb's Toxic Radiance  Pois           11%        N/A       47%         4


Dungeon Overview and Level Annotations

Branches:
Dungeon (1/15)

Altars:


Innate Abilities, Weirdness & Mutations

Your plain brown scales are hard. (AC +4)
You cannot fit into any form of body armour.
You are cold-blooded and may be slowed by cold attacks.


Message History

The hobgoblin barely misses you. The endoplasm freezes you.
You are frozen.
You feel yourself slow down.
Casting: Sting (safe; 9% risk of failure)
Confirm with . or Enter, or press ? or * to list all spells.
Aiming: Sting (safe; 9% risk of failure)
Press: ? - help, Shift-Dir - straight line The sting hits the endoplasm.
The endoplasm partially resists.
The endoplasm is severely wounded.
The hobgoblin hits you.
The endoplasm hits you but does no damage.
You barely miss the endoplasm. You tail-slap the endoplasm.
You kill the endoplasm!
You feel yourself speed up. The goblin misses you.
The hobgoblin barely misses you. The hobgoblin misses you.
The goblin hits you but does no damage.
You hit the hobgoblin but do no damage.
The hobgoblin is lightly wounded.
The goblin hits you with a +0 dagger.
The hobgoblin hits you but does no damage.
You hit the hobgoblin.
The hobgoblin is heavily wounded.
The goblin hits you with a +0 dagger. The hobgoblin misses you.
The dart slug launches a dart at you. The slug dart hits you.
* * * LOW HITPOINT WARNING * * *
You barely miss the hobgoblin.
The hobgoblin is heavily wounded.
The goblin hits you but does no damage.
The hobgoblin hits you but does no damage.
You hit the hobgoblin but do no damage.
The hobgoblin is heavily wounded.
The goblin barely misses you. The hobgoblin hits you.
* * * LOW HITPOINT WARNING * * *
You hit the hobgoblin.
The hobgoblin is heavily wounded.
The dart slug launches a dart at you.
The slug dart hits you but does no damage.
The goblin hits you with a +0 dagger.
You die...

#...# ........
#...#### #....#.#####
#.....
..........#####...####
...#.###...).........
#.#.................
#....##.............
#....##.###.#...#.##
#.g@....# #.#.......
#....#.g####
#.#...#.## #... #w.#
#.#...#.# #.. #..#
#.#.....# ... #..#
#.......# #. ....
..#####.# # ##.#.
.....


You could see a dart slug, a hobgoblin and a goblin.

Vanquished Creatures
  A bat (D:1)
  3 endoplasms (D:1)
  3 giant cockroaches (D:1)
  2 goblins (D:1)
  A hobgoblin (D:1)
  A kobold (D:1)
11 creatures vanquished.

Notes
Turn   | Place    | Note
-------+----------+-------------------------------------------
     0 | D:1      | CaptainMV the Draconian Venom Mage began the quest for the
                  | Orb.
     0 | D:1      | Reached XP level 1. HP: 14/14 MP: 3/3
   207 | D:1      | Reached XP level 2. HP: 20/20 MP: 1/5
   260 | D:1      | HP: 1/20 [hobgoblin (1)]
   261 | D:1      | Slain by a goblin

Illustrated notes

Levels and vault maps discovered:
D:1:      minmay_arrival_open_corners, layout_loops_cross,
          ebering_ecumenical_altar_hall, minivault_24, kennysheep_nondescript

Skill      XL: |  1 |
---------------+----+-----
Dodging        | 2 |  2.0
Stealth        | |  1.8
Spellcasting   | |  2.1
Transmutations | |  1.0
Poison Magic   | |  3.4

Action                     || total
---------------------------++-------
  Melee: Unarmed           ||     9
         Dagger            ||    17
         Tailslap          ||     5
   Cast: Sting             ||    12
    Use: Scroll            ||     2
 Armour: Skin              ||    12
  Dodge: Dodged            ||    16
